 Dungeon Sprint DCSS version 0.21-a0-417-g0adc95b (webtiles) character file.

601 Kidiri the Skirmisher (level 7, -2/67 HPs)
             Began as a Grey Draconian Transmuter on Nov 3, 2017.
             Was an Initiate of Wu Jian.
             Slain by a centaur warrior (4 damage)
             ... in the Dungeon (Sprint I: "Red Sonja").
             The game lasted 00:02:34 (746 turns).

Kidiri the Skirmisher (Grey Draconian Transmuter)    Turns: 746, Time: 00:02:35

Health: -2/67      AC:  2    Str: 13    XL:     7   Next: 18%
Magic:  14/14      EV: 23    Int: 13    God:    Wu Jian [......]
Gold:   416        SH:  0    Dex: 18    Spells: 0/15 levels left

rFire    . . .     SeeInvis .     - Unarmed
rCold    . . .     Gourm    .   (shield currently unavailable)
rNeg     . . .     Faith    .   (armour unavailable)
rPois    x         Spirit   .   (helmet currently unavailable)
rElec    .         Reflect  .   (cloak currently unavailable)
rCorr    .         Harm     .   (gloves currently unavailable)
MR       .....     NoTele   +   (boots currently unavailable)
Stlth    +++.......             (no amulet)
HPRegen  0.21/turn              (no ring)
MPRegen  0.14/turn              (no ring)

@: spider-form, hasted, very quick
A: (walk through water), unfitting armour, AC +11
a: End Transformation, Renounce Religion


You were in the Dungeon.
You worshipped Wu Jian.
Wu Jian was noncommittal.
You were not hungry.
You were a venomous arachnid creature.
You visited 1 branch You collected 416 gold pieces.

Inventory:

Hand Weapons
 j - a +3 club
 l - a +0 giant spiked club
 m - a +0 scythe of venom
Missiles
 a - 10 arrows
Armour
 k - a +0 chain mail
 n - a +0 robe
Wands
 h - a wand of flame (31/48)
Scrolls
 i - a scroll of blinking
Potions
 g - 2 potions of magic
 p - a potion of flight {unknown}
Books
 b - a book of Changes

   Spells                             Type                      Level
   a - Beastly Appendage              Transmutation                1
   b - Sticks to Snakes               Transmutation                2
   c - Spider Form                    Transmutation/Poison         3
   d - Ice Form                       Ice/Transmutation            4
   e - Blade Hands                    Transmutation                5
Comestibles
 c - a bread ration
 o - a royal jelly


   Skills:
 * Level 7.7 Fighting
 + Level 4.7 Dodging
 + Level 4.6 Stealth
 * Level 7.6 Unarmed Combat
 + Level 4.9 Spellcasting
 * Level 7.2 Transmutations
 + Level 2.5 Ice Magic
 + Level 3.7 Poison Magic


You couldn't memorise any spells.
You knew the following spells:

 Your Spells              Type           Power        Failure   Level  Hunger
a - Beastly Appendage     Tmut           ###...       4%          1    None
b - Sticks to Snakes      Tmut           ###.....     6%          2    ##.....
c - Spider Form           Tmut/Pois      ###.......   17%         3    ###....
d - Ice Form              Ice/Tmut       ###.....     47%         4    ####...
e - Blade Hands           Tmut           ###.......   47%         5    ######.


Dungeon Overview and Level Annotations

Branches:
Dungeon (1/1)

Altars:
Cheibriados
Dithmenos
Elyvilon
Fedhas
Gozag
Hepliaklqana
Kikubaaqudgha
Makhleb
Nemelex Xobeh
Okawaru
Qazlal
Ru
Sif Muna
Trog
Uskayaw
Vehumet
Wu Jian
Xom
Yredelemnul
Zin
The Shining One
Jiyva
Lugonu

Shops:
D *

Annotations:
D exclusion: door


Innate Abilities, Weirdness & Mutations

((You can walk through water.))
((Your dull iron-grey scales are very hard. (AC +11)))
You cannot fit into any form of body armour.
((You can survive without breathing.))
((You are cold-blooded and may be slowed by cold attacks.))


Message History

The centaur warrior closely misses you. The centaur warrior hits you.
Unknown command.
The centaur warrior hits you!
* * * LOW HITPOINT WARNING * * *
The centaur warrior misses you.
Unknown command.
Unknown command.
You feel better.
The centaur warrior completely misses you.
The centaur warrior hits you but does no damage.
The centaur warrior closely misses you. The centaur warrior hits you.
* * * LOW HITPOINT WARNING * * *
Unknown command.
You feel yourself speed up. The centaur warrior closely misses you.
The centaur warrior hits you!
* * * LOW HITPOINT WARNING * * *
The centaur warrior hits you!
* * * LOW HITPOINT WARNING * * *
The centaur warrior hits you.
You die...

##################
..'..#..'..#__#..+
..#..'..#..+..+..#
####+#####'#__####
###..#...#.####§§#
__####..##.#§§§§§#
_____##+#_.'≈§§cs+
_.∩...+..._#§≈§§c#
_..__##_.#+##+####
_____###+#.#
###### ###


You could see 2 centaur warriors.

Vanquished Creatures
  A slime creature (D)
  Sigmund (D)
  A yak (D)
  An ogre (D)
  A jelly (D)
  Ijyb (D)
6 creatures vanquished.

Vanquished Creatures (others)
  A gargoyle (D)
1 creature vanquished.

Grand Total: 7 creatures vanquished

Notes
Turn   | Place    | Note
-------+----------+-------------------------------------------
     0 | D        | Kidiri the Draconian Transmuter began the quest for the Orb.
     0 | D        | Reached XP level 1. HP: 16/16 MP: 3/3
     3 | D        | Noticed Ijyb
    11 | D        | Killed Ijyb
    11 | D        | Reached skill level 1 in Stealth
    11 | D        | Reached XP level 2. HP: 26/26 MP: 2/5
    35 | D        | Learned a level 2 spell: Sticks to Snakes
    81 | D        | Noticed an ogre
    88 | D        | Killed an ogre
    88 | D        | Reached skill level 5 in Unarmed Combat
    88 | D        | Reached XP level 3. HP: 34/34 MP: 0/7
    88 | D        | Reached XP level 4. HP: 41/41 MP: 0/8
   160 | D        | Learned a level 3 spell: Spider Form
   163 | D        | Noticed Sigmund
   168 | D        | Killed Sigmund
   168 | D        | Reached skill level 5 in Transmutations
   168 | D        | Reached XP level 5. HP: 45/50 MP: 5/11
   364 | D        | Learned a level 4 spell: Ice Form
   364 | D        | Found a burning altar of Makhleb.
   364 | D        | Found a viscous altar of Jiyva.
   364 | D        | Found a shimmering altar of Xom.
   364 | D        | Found a corrupted altar of Lugonu.
   364 | D        | Noticed a slime creature
   367 | D        | Found an ornate altar of the Wu Jian Council.
   367 | D        | Found a deep blue altar of Sif Muna.
   369 | D        | Found a radiant altar of Vehumet.
   374 | D        | Reached XP level 6. HP: 37/58 MP: 8/12
   382 | D        | Became a worshipper of the Wu Jian Council
   412 | D        | Found Watigekk's General Store.
   412 | D        | Found an ancient bone altar of Kikubaaqudgha.
   412 | D        | Found a hazy altar of Hepliaklqana.
   412 | D        | Found a stormy altar of Qazlal.
   412 | D        | Found a hide-covered altar of Uskayaw.
   412 | D        | Found a blossoming altar of Fedhas.
   412 | D        | Found a bloodstained altar of Trog.
   412 | D        | Found an iron altar of Okawaru.
   412 | D        | Found a basalt altar of Yredelemnul.
   412 | D        | Found a glowing golden altar of the Shining One.
   412 | D        | Found a snail-covered altar of Cheibriados.
   412 | D        | Found a sacrificial altar of Ru.
   412 | D        | Found a glowing silver altar of Zin.
   412 | D        | Found a shadowy altar of Dithmenos.
   412 | D        | Found a white marble altar of Elyvilon.
   412 | D        | Noticed a yak
   420 | D        | Killed a yak
   420 | D        | Reached skill level 1 in Ice Magic
   421 | D        | Found an opulent altar of Gozag.
   424 | D        | Found a sparkling altar of Nemelex Xobeh.
   498 | D        | Killed a slime creature
   498 | D        | Your scales start taking on a dull iron-grey colour.
   498 | D        | Reached XP level 7. HP: 21/67 MP: 10/14
   498 | D        | Gained mutation: You can survive without breathing. [Grey Draconian growth]
   588 | D        | Killed a gargoyle
   723 | D        | Learned a level 5 spell: Blade Hands
   729 | D        | Noticed a centaur warrior
   732 | D        | Noticed a centaur warrior
   746 | D        | HP: 2/67 [centaur warrior (7)]
   746 | D        | Slain by a centaur warrior

Vault maps used:
D:        dungeon_sprint_1

Skill      XL: |  1  2  3  4  5  6 |
---------------+-------------------+-----
Fighting       | 3 4 6 7 |  7.7
Dodging        | 2 3 4 |  4.7
Stealth        | 1 2 3 4 |  4.6
Unarmed Combat | 4 5 6 7 |  7.6
Transmutations | 3 4 5 6 7 |  7.2
Spellcasting   | 3 4 |  4.9
Poison Magic   | 2 3 |  3.7
Ice Magic      | 2 |  2.5

Action                   |  1- 3 |  4- 6 |  7- 9 || total
-------------------------+-------+-------+-------++-------
Melee: Unarmed           |    11 |    28 |     5 ||    44
       Headbutt          |     3 |       |       ||     3
       Tailslap          |     1 |       |       ||     1
 Cast: Beastly Appendage |     2 |       |       ||     2
       Sticks to Snakes  |     2 |       |       ||     2
       Spider Form       |       |     4 |     1 ||     5
  Use: Potion            |     1 |       |     3 ||     4
 Stab: Sleeping          |       |     2 |     1 ||     3
Armor: Skin              |     1 |       |     2 ||     3
Dodge: Dodged            |     5 |    13 |    16 ||    34

Table legend:
 A = Spawn XP
 B = Non-spawn XP
 C = Spawn XP percentage of total XP
 D = Spawn monster count
 E = Non-spawn monster count
 F = Spawn count percentage of total count
 G = Total turns spent on level
                    A         B        C        D         E        F      G
               +---------+---------+-------+---------+---------+-------+---------
         Total |       0 |     859 |   0.0 |       0 |       6 |   0.0 |   746
               +---------+---------+-------+---------+---------+-------+---------
             D |       0 |     859 |   0.0 |       0 |       6 |   0.0 |   746
               +---------+---------+-------+---------+---------+-------+---------
